 Seeded DCSS version 0.31-a0-219-g8d62b2e7bb (webtiles) character file.

Game seed: 18346887137507914922 (custom seed)

1762 innerfire43 the Chopper (level 8, -6/64 HPs)
             Began as a Demonspawn Monk on July 3, 2023.
             Was a Priest of Uskayaw.
             Mangled by Joseph
             ... wielding a +4 heavy quarterstaff
              (27 damage)
             ... on level 7 of the Dungeon.
             The game lasted 00:06:00 (5429 turns).

innerfire43 the Chopper (Demonspawn Monk)           Turns: 5429, Time: 00:06:01

Health: -6/64      AC: 11    Str: 14    XL:     8   Next: 79%
Magic:  8/8        EV: 21    Int: 12    God:    Uskayaw [***...]
Gold:   369        SH:  9    Dex: 16    Spells: 7/7 levels left

rFire   x . .        C - +2 war axe (elec)
rCold   + + .        w - +0 kite shield of the Valley of Death {rF- rC+ Int+3 Slay+4}
rNeg    . . .        k - +2 ring mail "Naukank" {rC+}
rPois   +            (helmet restricted)
rElec   .            h - +0 cloak
rCorr   .            (no gloves)
SInv    .            B - +0 pair of boots
Will    +....        (no amulet)
Stlth   +            m - ring of the Griffon {rPois Will+ EV+5 Int-2 Slay+2}
HPRegen 0.30/turn    A - +5 ring of evasion
MPRegen 0.11/turn

%: no passive effects
@: no status effects
A: horns 1, yellow scales 1, icemail 1, condensation shield
a: Renounce Religion, Stomp, Line Pass


You were on level 7 of the Dungeon.
You worshipped Uskayaw.
Uskayaw was noncommittal.
You visited 1 branch of the dungeon, and saw 7 of its levels.

You collected 369 gold pieces.

Inventory:

Hand Weapons
 a - a +0 hand axe
 C - a +2 war axe of electrocution (weapon)
 I - a +3 battleaxe
Missiles
 r - 2 throwing nets
Armour
 b - a +0 robe
 d - an orb of light
 h - a +0 cloak (worn)
 k - the +2 ring mail "Naukank" (worn) {rC+}
   (You found it on level 2 of the Dungeon)

   rC:        It protects you from cold.
 w - the +0 kite shield of the Valley of Death (worn) {rF- rC+ Int+3 Slay+4}
   (You acquired it on level 4 of the Dungeon)

   Int:       It affects your intelligence (+3).
   Slay:      It affects your accuracy & damage with ranged weapons and melee
   (+4).
   rF:        It makes you vulnerable to fire.
   rC:        It protects you from cold.
 B - a +0 pair of boots (worn)
Jewellery
 i - a ring of positive energy
 m - the ring of the Griffon (left hand) {rPois Will+ EV+5 Int-2 Slay+2}
   (You acquired it on level 3 of the Dungeon)

   [ring of evasion]

   EV:        It affects your evasion (+5).
   Int:       It affects your intelligence (-2).
   Slay:      It affects your accuracy & damage with ranged weapons and melee
   (+2).
   rPois:     It protects you from poison.
   Will:      It increases your willpower.
 A - a +5 ring of evasion (right hand)
 D - a ring of see invisible
 G - a ring of fire
Wands
 z - a wand of flame (22)
Scrolls
 e - a scroll of torment {unknown}
 l - 4 scrolls of teleportation {unknown}
 n - 5 scrolls of fog {unknown}
 p - 2 scrolls of identify {unknown}
 s - 2 scrolls of poison {unknown}
 y - 2 scrolls of immolation {unknown}
 E - a scroll of noise {unknown}
 F - a scroll of blinking {unknown}
Potions
 c - a potion of ambrosia
 f - 2 potions of resistance {unknown}
 g - 4 potions of heal wounds {unknown}
 j - a potion of cancellation {unknown}
 o - 2 potions of haste {unknown}
 q - 3 potions of curing {unknown}
 t - a potion of might {unknown}
 u - a potion of brilliance {unknown}
 v - a potion of lignification {unknown}
 x - a potion of mutation {unknown}
 H - a potion of enlightenment {unknown}


   Skills:
 + Level 6.0 Fighting
 * Level 6.8 Axes
 + Level 5.4 Dodging
 * Level 4.5 Shields


You had 7 spell levels left.
You didn't know any spells.
Your spell library contained the following spells:

 Spells                   Type           Power      Damage    Failure   Level
 Ensorcelled Hibernation  Hex/Ice        0%         N/A       97%         2
 Dazzling Flash           Conj/Hex       0%         N/A       100%        3
 Inner Flame              Hex/Fire       0%         N/A       100%        3
 Ozocubu's Armour         Ice            0%         N/A       100%        3
 Spider Form              Tmut/Pois      0%         N/A       100%        3
 Anguish                  Hex/Necr       0%         N/A       100%        4
 Flame Wave               Conj/Fire      0%         2d4       100%        4
 Petrify                  Tmut/Erth      0%         N/A       100%        4
 Sticky Flame             Conj/Fire      0%         2d3       100%        4
 Agony                    Necr           0%         N/A       100%        5
 Metabolic Englaciation   Hex/Ice        0%         N/A       100%        5
 Silence                  Hex/Air        0%         N/A       100%        5
 Statue Form              Tmut/Erth      0%         N/A       100%        6
 Ozocubu's Refrigeration  Ice            0%         4d7       100%        7
 Borgnjor's Revivificati  Necr           0%         N/A       100%        8
 Necromutation            Tmut/Necr      0%         N/A       100%        8
 Death's Door             Necr           0%         N/A       100%        9


Dungeon Overview and Level Annotations

Branches:
Dungeon (7/15)             Temple (0/1) D:5

Altars:
Qazlal
Uskayaw

Portals:
Bailey: D:7

Annotations:
D:7 Joseph


Innate Abilities, Weirdness & Mutations

You have a pair of small horns on your head.
You are partially covered in yellow scales. (AC +2)
A meltable icy envelope protects you from harm. (AC +0)
A meltable shield of frost defends you. (SH +0)


Message History

You hit the steam dragon.
Lightning courses through the steam dragon!
You headbutt the steam dragon, but do no damage.
The steam dragon is almost dead.
You are engulfed in a cloud of scalding steam.
The steam dragon breathes steam at you. The ball of steam misses you.
You can now pass through a line of other dancers.
You slash the steam dragon!
You kill the steam dragon!
A howler monkey comes into view.
Your Fighting skill increases to level 6!
Unknown command.
The howler monkey hoots and howls with incredible vigour!
Joseph, a Mercenary comes into view.
He is wielding a +4 heavy quarterstaff.
The howler monkey hoots and howls with incredible vigour!
Joseph unwields a +4 heavy quarterstaff.
Joseph wields a +0 sling.
Joseph shoots a sling bullet.
The sling bullet hits you!
* * * LOW HITPOINT WARNING * * *
You can no longer pass through a line of other dancers.
You slash the howler monkey!
The howler monkey is severely wounded.
You block the howler monkey's attack.
You can now pass through a line of other dancers.
You closely miss the howler monkey. Your headbutt misses the howler monkey.
The howler monkey is severely wounded.
The howler monkey closely misses you.
The howler monkey completely misses you.
You slash the howler monkey!
You kill the howler monkey!
You hear the faint creaking of a portcullis.
Joseph shoots a sling bullet.
The sling bullet misses you.
Joseph shoots a sling bullet.
The sling bullet closely misses you.
Uskayaw will force your foes to helplessly watch your dance.
Uskayaw prepares the audience for your solo!
Joseph is no longer paralysed.
Joseph unwields a +0 sling.
Joseph wields a +4 heavy quarterstaff.
Joseph hits you with a +4 heavy quarterstaff!!
You die...

...#.... ........ #............
......# #..............##[
.....## #>.............#...
<....# ###..................
.....# #...................
†....# #.................#
.....## #......@..........#
......# #..)...@..........#
......####.)∩).............#
............)........#.....#
....................##.....#
....................###....#
...................## #....###
...................## #......##
.[..................###.......#
........####.........#........#


You could see Joseph.

Vanquished Creatures
  A steam dragon (D:7)
  Menkaure (D:6)
  An orc warrior (D:7)
  2 black bears
  An ogre (D:5)
  A phantom (D:5)
  A bullfrog (D:7)
  5 wights (D:7)
  The ghost of Maxmaps the Caller, a weakling DsSu (D:3)
  A howler monkey (D:7)
  3 hounds
  3 jellies
  3 orc priests
  2 iguanas (D:4)
  5 orc wizards (D:5)
  A howler monkey zombie (D:3)
  3 gnolls (D:5)
  8 adders
  A howler monkey skeleton (D:3)
  3 dart slugs
  18 orcs
  3 bats
  4 endoplasms
  A giant cockroach (D:2)
  4 goblins
  4 hobgoblins
  6 jackals
  10 kobolds
  7 quokkas
  5 ball pythons
  2 frilled lizards
  6 rats
117 creatures vanquished.

Notes
Turn   | Place    | Note
-------+----------+-------------------------------------------
     0 | D:1      | innerfire43 the Demonspawn Monk began the quest for the
                  | Orb.
     0 | D:1      | Reached XP level 1. HP: 18/18 MP: 1/1
   175 | D:1      | Gained mutation: A meltable shield of frost defends you.
                  | (SH +0) [demonic ancestry]
   175 | D:1      | Reached XP level 2. HP: 18/24 MP: 2/2
   901 | D:2      | Gained mutation: A meltable icy envelope protects you from
                  | harm. (AC +0) [demonic ancestry]
   901 | D:2      | Reached XP level 3. HP: 16/29 MP: 3/3
   958 | D:2      | Identified the +2 ring mail "Naukank" {rC+}
  1414 | D:2      | Found a faded altar of an unknown god.
  1771 | D:3      | Reached XP level 4. HP: 23/37 MP: 4/4
  1931 | D:3      | Found a runed translucent gate.
  1931 | D:3      | Found a runed translucent gate.
  1931 | D:3      | Found a runed translucent gate.
  1937 | D:3      | Noticed Maxmaps's ghost (weakling DsSu)
  2134 | D:3      | Identified a scroll of acquirement
  2134 | D:3      | Acquired the ring of the Griffon {rPois Will+ EV+5 Int-2
                  | Slay+2}
  2156 | D:3      | Noticed a black bear
  2169 | D:3      | Killed a black bear
  2170 | D:3      | Reached XP level 5. HP: 29/43 MP: 5/5
  2821 | D:3      | Killed Maxmaps's ghost
  2822 | D:3      | Gained mutation: You are partially covered in yellow
                  | scales. (AC +2) [demonic ancestry]
  2822 | D:3      | Reached XP level 6. HP: 30/49 MP: 6/6
  3060 | D:4      | Found a hide-covered altar of Uskayaw.
  3109 | D:4      | Became a worshipper of Uskayaw the Reveller
  3109 | D:4      | Reached * piety under Uskayaw
  3180 | D:4      | Reached ** piety under Uskayaw
  3244 | D:4      | Found a stormy altar of Qazlal.
  3487 | D:4      | Acquired the +0 kite shield of the Valley of Death {rF- rC+
                  | Int+3 Slay+4}
  3598 | D:5      | Entered Level 5 of the Dungeon
  3764 | D:5      | Reached skill level 5 in Fighting
  3764 | D:5      | Reached skill level 5 in Axes
  3764 | D:5      | Reached skill level 1 in Shields
  3764 | D:5      | Gained mutation: You have a pair of small horns on your
                  | head. [demonic ancestry]
  3764 | D:5      | Reached XP level 7. HP: 56/56 MP: 7/7
  3786 | D:5      | Found a staircase to the Ecumenical Temple.
  3806 | D:5      | Reached *** piety under Uskayaw
  3811 | D:5      | Reached **** piety under Uskayaw
  3816 | D:5      | Reached ***** piety under Uskayaw
  4663 | D:6      | Noticed Menkaure
  4668 | D:6      | Killed Menkaure
  4669 | D:6      | Reached XP level 8. HP: 34/63 MP: 8/8
  5243 | D:7      | Reached skill level 5 in Dodging
  5339 | D:7      | Found a flagged portal.
  5421 | D:7      | Noticed Joseph
  5429 | D:7      | Mangled by Joseph

Illustrated notes

Levels and vault maps discovered:
D:1:      heliophobic_arrival_ceremonial_halls, layout_basic
D:2:      layout_basic, shapermc_ecumenical_altar_mp_highgroup,
          grunt_ministairs_10, minivault_5, chequers_decorated_corner
D:3:      layout_loops_corners, serial_glass, glass_columns_a, glass_columns_c,
          glass_columns_c, glass_columns_b, gammafunk_ghost_necromancy,
          dk_vineyard_1, kennysheep_cross_room, grunt_decor_clamped
D:4:      layout_rooms, nicolae_qazlal_eye_of_the_storm,
          nicolae_uskayaw_suspiria, kennysheep_nub
D:5:      layout_cave_pods, minmay_temple_entry_purple_smoke,
          grunt_ministairs_12
D:6:      layout_loops_ring, mainiacjoe_overflow_concentric_impassable,
          uniq_menkaure
D:7:      layout_layer_cave, tso_oasis_becter, enter_bailey_2, uniq_joseph,
          uniq_crazy_yiuf_cottage

Skill      XL: |  1  2  3  4  5  6  7  8 |
---------------+-------------------------+-----
Axes           | 3 4 5 6 |  6.8
Dodging        | 3 4 5 |  5.4
Fighting       | 4 5 6 |  6.0
Shields        | 1 3 4 |  4.5

Action                     |  1- 3 |  4- 6 |  7- 9 || total
---------------------------+-------+-------+-------++-------
  Melee: Hand axe          |    99 |   151 |    13 ||   263
         War axe           |       |       |    59 ||    59
         Headbutt          |       |       |    19 ||    19
    Use: Scroll            |       |     2 |       ||     2
   Stab: Paralysed         |       |       |     7 ||     7
 Armour: Robe              |    11 |       |       ||    11
         Ring mail         |    21 |    52 |     6 ||    79
  Dodge: Dodged            |    65 |   114 |    44 ||   223
  Block: Orb               |    20 |    28 |       ||    48
         Kite shield       |       |     9 |    56 ||    65

Table legend: (Time is in decaauts)
 A = Elapsed time spent in this place.
 B = Non-inter-level travel time spent in this place.
 C = Inter-level travel time spent in this place.
 D = Time resting spent in this place.
 E = Time spent auto-exploring this place.
 F = Levels seen in this place.
 G = Mean time per level.
                   A        B        C        D        E       F      G
               +--------+--------+--------+--------+--------+-----+--------+
         Total |   5486 |   5041 |    445 |      0 |   4235 |   7 |  783.7 |
       Dungeon |   5486 |   5041 |    445 |      0 |   4235 |   7 |  783.7 |
               +--------+--------+--------+--------+--------+-----+--------+

Top non-repeatable levels by time:
     D:3: 1266 daAuts
     D:5: 899 daAuts
     D:1: 897 daAuts
     D:2: 881 daAuts
     D:6: 757 daAuts
     D:4: 581 daAuts
     D:7: 203 daAuts
